 Dungeon Crawl Stone Soup version 0.27-a0-1137-g3ef0f4ec91 (webtiles) character file.

Game seed: 17387491419804852241

3862 reriks the Zephyrmancer (level 10, -1/50 HPs)
             Began as a Tengu Air Elementalist on May 6, 2021.
             Was a Follower of Vehumet.
             Slain by a killer bee (9 damage)
             ... on level 8 of the Dungeon.
             The game lasted 00:31:24 (15709 turns).

reriks the Zephyrmancer (Tengu Air Elementalist)   Turns: 15709, Time: 00:31:25

Health: -1/50      AC:  3    Str:  8    XL:     10   Next: 18%
Magic:  24/31      EV: 14    Int: 20    God:    Vehumet [*.....]
Gold:   90         SH:  0    Dex: 14    Spells: 7/24 levels left

rFire    . . .     SeeInvis .   C - +4 scimitar (flame)
rCold    + . .     Faith    +   (no shield)
rNeg     . . .     Spirit   .   D - +1 robe {rC+}
rPois    .         Reflect  .   (helmet restricted)
rElec    .         Harm     .   (no cloak)
rCorr    .         Rampage  .   (no gloves)
Will     .....                  (boots unavailable)
Stlth    ++........             u - amulet of faith
HPRegen  0.16/turn              y - ring of magical power
MPRegen  0.22/turn              (no ring)

@: flying quickly and evasively, quick
A: beak, talons 3, nimble flight
a: Renounce Religion


You were on level 8 of the Dungeon.
You worshipped Vehumet.
Vehumet was aware of your devotion.
You visited 2 branches of the dungeon, and saw 10 of its levels.

You collected 330 gold pieces.
You spent 240 gold pieces at shops.

Inventory:

Hand Weapons
 e - a +1 club
 q - a +2 whip of venom
 x - a +3 short sword
 B - a +2 dagger of venom
 C - a +4 scimitar of flaming (weapon)
Missiles
 h - 4 atropa-tipped darts
Armour
 a - a +1 robe
 D - a +1 robe of cold resistance (worn)
Jewellery
 u - an amulet of faith (around neck)
 y - a ring of magical power (left hand)
Wands
 p - a wand of polymorph (20)
 s - a wand of acid (6)
 t - a wand of mindburst (39)
 w - a wand of iceblast (6)
 z - a wand of flame (27)
Scrolls
 b - 2 scrolls of identify
 f - 5 scrolls of fog
 g - 3 scrolls of vulnerability
 j - a scroll of enchant weapon
 l - 3 scrolls of amnesia
 n - a scroll of teleportation
Potions
 c - a potion of mutation
 d - 2 potions of resistance
 i - 2 potions of lignification
 k - 3 potions of degeneration
 m - 2 potions of curing
 o - 3 potions of might
 r - a potion of berserk rage
 v - 2 potions of haste
 A - 3 potions of heal wounds {unknown}


   Skills:
 - Level 2.1 Dodging
 - Level 2.0 Stealth
 + Level 7.9 Spellcasting
 + Level 10.7 Conjurations
 + Level 11.4 Air Magic


You had 7 spell levels left.
You knew the following spells:

 Your Spells              Type           Power      Damage    Failure   Level
a - Shock                 Conj/Air       100%       1d9       1%          1
b - Static Discharge      Conj/Air       51%        N/A       1%          2
c - Swiftness             Air            52%        N/A       1%          3
d - Lightning Bolt        Conj/Air       25%        1d41      2%          5
e - Poisonous Vapours     Pois/Air       60%        N/A       1%          2
f - Olgreb's Toxic Radia  Pois           7%         N/A       65%         4

Your spell library contained the following spells:

 Spells                   Type           Power      Damage    Failure   Level
 Magic Dart               Conj           100%       1d8       1%          1
 Mephitic Cloud           Conj/Pois/Air  37%        N/A       1%          3
 Airstrike                Air            26%        N/A       1%          4
 Conjure Flame            Conj/Fire      29%        6-21      2%          3
 Animate Skeleton         Necr           14%        N/A       9%          1
 Apportation              Tloc           14%        N/A       9%          1
 Corona                   Hex            7%         N/A       9%          1
 Sting                    Tmut/Pois      28%        1d4       9%          1
 Summon Small Mammal      Summ           28%        N/A       9%          1
 Blink                    Tloc           N/A        N/A       13%         2
 Call Imp                 Summ           7%         N/A       13%         2
 Slow                     Hex            7%         N/A       13%         2
 Ignite Poison            Fire/Tmut/Pois 7%         N/A       26%         3


Dungeon Overview and Level Annotations

Branches:
Dungeon (9/15)             Temple (1/1) D:4
   Lair: D:8-11         Orc: D:9-12

Altars:
Ashenzari
Cheibriados
Dithmenos
Elyvilon
Fedhas
Gozag
Hepliaklqana
Kikubaaqudgha
Makhleb
Nemelex Xobeh
Okawaru
Qazlal
Ru
Sif Muna
Trog
Uskayaw
Vehumet
Wu Jian
Yredelemnul
Zin
The Shining One

Shops:
D:2 =   D:4 :

Annotations:
D:5 2 transporters
D:8 exclusion: downstairs


Innate Abilities, Weirdness & Mutations

You have a beak for a mouth.
You have claws for feet.
Your magical nature lets you fly swiftly and evasively.


Message History

Vehumet accepts your kill.
You are struck by an arc of lightning.
Casting: Static Discharge (safe; 1% risk of failure)
Confirm with . or Enter, or press ? or * to list all spells.
The killer bee is struck by an arc of lightning!
The killer bee is heavily wounded.
You are struck by an arc of lightning.
The killer bee is struck by an arc of lightning.
The killer bee is almost dead.
The lightning grounds out.
The killer bee stings you! x2
You are poisoned.
The killer bee poisons you!
You feel sick. The killer bee barely misses you. The killer bee stings you.
Casting: Static Discharge (safe; 1% risk of failure)
Confirm with . or Enter, or press ? or * to list all spells.
The killer bee is struck by an arc of lightning!
You kill the killer bee!
Vehumet accepts your kill.
You are struck by an arc of lightning.
The killer bee buzzes angrily.
You feel sick.
You feel sick. The killer bee stings you.
You are more poisoned.
The killer bee poisons you!
You feel better. The killer bee stings you! The killer bee barely misses you.
Casting: Static Discharge (safe; 1% risk of failure)
Confirm with . or Enter, or press ? or * to list all spells.
The killer bee is struck by an arc of lightning.
The killer bee is moderately wounded.
You are struck by an arc of lightning.
* * * LOW HITPOINT WARNING * * *
The lightning grounds out.
The killer bee stings you!
* * * LOW HITPOINT WARNING * * *
The killer bee stings you.
* * * LOW HITPOINT WARNING * * *
The killer bee stings you.
* * * LOW HITPOINT WARNING * * *
The killer bee closely misses you.
You feel better. The killer bee stings you!
You die...

### ..# #.# .#
.######.# .#
........# .#
######.@### #.####
.......y..#
###.....
.#.####.##### #####
............# ..##
##..###.###.# #.##
#..##...##.## #.#
#..#.....#..# #.#
#..#.....#..#####.#
#.#
#>.#.....#........#


You could see a killer bee.

Vanquished Creatures
  Erica (D:8)
  3 slime creatures
  Sigmund (D:3)
  A steam dragon (D:7)
  2 water moccasins
  An ice beast (D:7)
  An orc warrior (D:7)
  A necrophage (D:7)
  An ogre (D:4)
  A centaur (D:6)
  A kobold brigand (D:6)
  6 scorpions
  2 killer bees (D:8)
  3 wights (D:8)
  A bullfrog zombie (D:6)
  3 hounds
  2 bullfrog skeletons
  An orc priest (D:4)
  A gnoll shaman (D:6)
  6 jellies
  3 iguanas
  Ijyb (D:4)
  A scorpion zombie (D:5)
  6 orc wizards
  3 killer bee zombies
  A hound zombie (D:5)
  A hound skeleton (D:4)
  Robin (D:1)
  8 gnolls
  3 adders
  A river rat (D:3)
  A white imp (D:8)
  2 ufetubi (D:5)
  An adder skeleton (D:4)
  5 worms
  2 dart slugs
  9 orcs
  6 ball pythons
  13 endoplasms
  8 giant cockroaches
  20 goblins
  16 hobgoblins
  6 jackals (D:1)
  9 kobolds
  A quokka (D:3)
  6 bats
  3 frilled lizards
  7 rats
  2 rat zombies (D:7)
185 creatures vanquished.

Vanquished Creatures (others)
  2 fungi (D:6)
  14 toadstools (D:6)
16 creatures vanquished.

Grand Total: 201 creatures vanquished

Notes
Turn   | Place    | Note
-------+----------+-------------------------------------------
     0 | D:1      | reriks the Tengu Air Elementalist began the quest for the
                  | Orb.
     0 | D:1      | Reached XP level 1. HP: 10/10 MP: 4/4
   111 | D:1      | Reached XP level 2. HP: 10/15 MP: 0/6
  1153 | D:1      | Reached XP level 3. HP: 19/19 MP: 3/7
  2135 | D:2      | Noticed Robin
  2227 | D:2      | Learned a level 2 spell: Static Discharge
  2231 | D:2      | Learned a level 3 spell: Swiftness
  2256 | D:2      | Found Jefei's Jewellery Emporium.
  2368 | D:2      | Found a faded altar of an unknown god.
  2546 | D:2      | Reached XP level 4. HP: 24/24 MP: 3/9
  2765 | D:1      | Killed Robin
  2766 | D:1      | Reached skill level 5 in Air Magic
  3987 | D:3      | Noticed Sigmund
  3997 | D:3      | Killed Sigmund
  3998 | D:3      | Reached skill level 6 in Air Magic
  3998 | D:3      | Gained mutation: Your magical nature lets you fly swiftly
                  | and evasively. [Tengu growth]
  3998 | D:3      | Reached XP level 5. HP: 22/28 MP: 0/11
  3998 | D:3      | Reached XP level 6. HP: 26/32 MP: 0/12
  4273 | D:3      | Learned a level 5 spell: Lightning Bolt
  4602 | D:3      | Reached skill level 5 in Conjurations
  4787 | D:4      | Noticed a water moccasin
  5345 | D:4      | Found Jamus's Book Emporium.
  5450 | D:4      | Reached XP level 7. HP: 20/36 MP: 3/14
  5656 | D:4      | Found a staircase to the Ecumenical Temple.
  5666 | Temple   | Entered the Ecumenical Temple
  5827 | Temple   | Became a worshipper of Vehumet
  5902 | D:4      | Noticed Ijyb
  6264 | D:4      | Killed Ijyb
  6902 | D:4      | Reached skill level 7 in Air Magic
  8047 | D:4      | Found a shadowy altar of Dithmenos.
  8191 | D:5      | Entered Level 5 of the Dungeon
  8331 | D:5      | Reached skill level 5 in Spellcasting
  8331 | D:5      | Reached XP level 8. HP: 13/41 MP: 8/16
  9052 | D:5      | Reached skill level 8 in Air Magic
  9211 | D:5      | Learned a level 2 spell: Poisonous Vapours
  9216 | D:5      | Learned a level 4 spell: Olgreb's Toxic Radiance
  9310 | D:5      | Found a transporter.
  9550 | D:5      | Found a transporter.
  9782 | D:6      | Reached * piety under Vehumet
  9782 | D:6      | Offered knowledge of Magic Dart by Vehumet.
  9813 | D:6      | Noticed a slime creature
  9813 | D:6      | Noticed a slime creature
  9813 | D:6      | Noticed a slime creature
  9901 | D:5      | Killed a slime creature
 10074 | D:6      | Found a sparkling altar of Nemelex Xobeh.
 10269 | D:6      | Reached skill level 9 in Air Magic
 10670 | D:6      | Reached XP level 9. HP: 23/45 MP: 10/19
 12237 | D:6      | Reached skill level 10 in Air Magic
 12616 | D:2      | Bought a ring of magical power for 240 gold pieces
 14230 | D:7      | Reached skill level 10 in Conjurations
 14300 | D:7      | Found an ancient bone altar of Kikubaaqudgha.
 15036 | D:8      | Noticed Erica
 15041 | D:8      | Killed Erica
 15042 | D:8      | Reached skill level 11 in Air Magic
 15042 | D:8      | Reached XP level 10. HP: 50/50 MP: 19/22
 15708 | D:8      | HP: 1/50 [killer bee (2)]
 15709 | D:8      | Slain by a killer bee

Illustrated notes

Levels and vault maps discovered:
D:1:      ncdulo_halloftheorcs, layout_rooms
D:2:      layout_rooms, serial_shops, nicolae_shop_crystal,
          chequers_ecumenical_altar_twisty, minmay_misc_feat_five, uniq_robin
D:3:      layout_basic, portal_sewer_entry_a, moated_statue, minmay_box_of_dots,
          uniq_sigmund
D:4:      kennysheep_the_goblin_king, layout_cave_pods,
          nicolae_dithmenos_through_a_glass_darkly,
          minmay_temple_entry_junction, serial_shops, shop, minmay_circle_x
D:5:      gammafunk_wand_slinger, layout_cave_pools, kennysheep_potato
D:6:      cheibrodos_fertilizer, layout_basic, old_standard_altar, st_stairs_10,
          patterned_corridor
D:7:      layout_cave_pods, lemuel_zombie_altar_kikubaaqudgha
D:8:      layout_basic, serial_co_window_serial, co_window_paths_b,
          co_window_paths_a, co_window_paths_a, co_window_of_opportunity_a,
          co_window_corner_a, co_window_unsneaky_path_a, co_window_cross_2,
          co_window_corner_b, co_window_broadway_b, co_window_cross_3,
          co_window_2corner, co_window_paths_d, co_window_4corner_a,
          glass_columns_a, glass_columns_a, minmay_fountain_box,
          minmay_misc_feat_enclosed, kennysheep_nondescript, uniq_psyche,
          uniq_erica
D:9:      layout_layer_cave, st_stairs_14, serial_bayou_lagoon_a,
          minmay_misc_feat_tower, minmay_diamond_spiral, uniq_maurice
Temple:   regret_index_temple_mists

Skill      XL: |  1  2  3  4  5  6  7  8  9 |
---------------+----------------------------+-----
Conjurations   | 2 3 4 5 6 8 10 | 10.7
Air Magic      | 6 7 9 11 | 11.4
Spellcasting   | 3 4 5 6 7 |  7.9
Dodging        | |  2.1
Stealth        | |  2.0

Action                   |  1- 3 |  4- 6 |  7- 9 | 10-12 || total
-------------------------+-------+-------+-------+-------++-------
Melee: Unarmed           |     3 |       |       |       ||     3
       Peck              |     1 |       |       |       ||     1
 Cast: Shock             |   106 |   154 |   253 |     8 ||   521
       Static Discharge  |       |       |    44 |     8 ||    52
       Lightning Bolt    |       |       |    24 |       ||    24
       Swiftness         |       |       |     1 |       ||     1
Evoke: Wand              |       |       |     1 |       ||     1
  Use: Scroll            |       |     7 |     9 |     1 ||    17
       Potion            |       |       |       |     2 ||     2
Armor: Robe              |     4 |     1 |    10 |       ||    15
Dodge: Dodged            |    16 |    21 |    34 |     5 ||    76

Table legend: (Time is in decaauts)
 A = Elapsed time spent in this place.
 B = Non-inter-level travel time spent in this place.
 C = Inter-level travel time spent in this place.
 D = Time resting spent in this place.
 E = Time spent auto-exploring this place.
 F = Levels seen in this place.
 G = Mean time per level.
                   A        B        C        D        E       F      G
               +--------+--------+--------+--------+--------+-----+--------+
         Total |  15330 |  14488 |    842 |   9040 |   3421 |  10 | 1533.0 |
       Dungeon |  14625 |  13824 |    801 |   8513 |   3346 |   9 | 1625.0 |
        Temple |    705 |    664 |     41 |    526 |     75 |   1 |  705.0 |
               +--------+--------+--------+--------+--------+-----+--------+

Top non-repeatable levels by time:
     D:4: 2883 daAuts
     D:6: 2491 daAuts
     D:2: 1822 daAuts
     D:7: 1752 daAuts
     D:1: 1642 daAuts
     D:3: 1579 daAuts
     D:5: 1425 daAuts
     D:8: 1026 daAuts
  Temple: 705 daAuts
     D:9: 1 daAuts
